 Dungeon Crawl Stone Soup version 0.23.2-1-ga50397a6bc (webtiles) character file.

Game seed: 16955784512006997090

2116 Norn the Digger (level 9, 0/63 HPs)
             Began as an Octopode Earth Elementalist on Apr 20, 2019.
             Was a Believer of Sif Muna.
             Slain by a six-headed hydra (7 damage)
             ... on level 6 of the Dungeon.
             The game lasted 00:29:59 (10164 turns).

Norn the Digger (Octopode Earth Elementalist)      Turns: 10164, Time: 00:30:00

Health: 0/63       AC:  1    Str:  7    XL:     9   Next: 29%
Magic:  18/18      EV: 13    Int: 20    God:    Sif Muna [**....]
Gold:   354        SH:  0    Dex: 13    Spells: 7/20 levels left

rFire    . . .     SeeInvis .   f - +4 spear (venom)
rCold    . . .     Gourm    .   (no shield)
rNeg     . . .     Faith    .   (helmet restricted)
rPois    .         Spirit   .   (no amulet)
rElec    .         Reflect  .   (no ring)
rCorr    .         Harm     .   (no ring)
MR       .....                  (no ring)
Stlth    +++.......             (no ring)
HPRegen  0.20/turn              (no ring)
MPRegen  0.16/turn              (no ring)
                                (no ring)
                                (no ring)

@: divine energy
A: almost no armour, stealthy swim, amphibious, 8 rings, constrict 8, camouflage
1, gelatinous body 1
a: Stop Divine Energy, Renounce Religion


You were on level 6 of the Dungeon.
You worshipped Sif Muna.
Sif Muna was pleased with you.
You were very hungry.

You visited 2 branches of the dungeon, and saw 7 of its levels.
You also visited: Sewer.

You collected 354 gold pieces.

Inventory:

Hand Weapons
 f - a +4 spear of venom (weapon)
   (You took it off a gnoll sergeant on level 4 of the Dungeon)
Missiles
 b - 61 stones (quivered)
 w - 2 throwing nets {!f}
Jewellery
 q - a cursed ring of attention {unknown}
   (You found it on level 3 of the Dungeon)
 C - an uncursed amulet of the acrobat {unknown}
   (You found it on level 5 of the Dungeon)
Wands
 t - a wand of flame (14)
   (You found it on level 3 of the Dungeon)
 u - a wand of polymorph (8)
   (You found it on level 4 of the Dungeon)
Scrolls
 c - 2 scrolls of fog {unknown}
 d - 6 scrolls of teleportation {unknown}
 g - a scroll of amnesia {unknown}
 i - 2 scrolls of fear {unknown}
 j - a scroll of remove curse {unknown}
 l - 3 scrolls of enchant weapon
 n - 6 scrolls of identify {@r1}
 o - a scroll of noise {!r}
 r - a scroll of enchant armour
 s - a scroll of magic mapping
 y - 2 scrolls of blinking {unknown}
 z - a scroll of silence {unknown}
Potions
 a - 2 potions of curing {@q1}
 h - a potion of cancellation
 k - a potion of agility
 m - 2 potions of might
 p - a potion of flight
 v - a potion of heal wounds {@q2}
 x - a potion of brilliance {unknown}
 A - 2 potions of mutation {unknown}
 B - a potion of magic {unknown}
Comestibles
 e - 8 rations {!d}


   Skills:
 + Level 6.7 Fighting
 - Level 2.0 Dodging
 - Level 2.6 Stealth
 - Level 6.0 Spellcasting
 - Level 4.1 Conjurations
 - Level 1.0 Transmutations
 * Level 6.8 Earth Magic


You had 7 spell levels left.
You knew the following spells:

 Your Spells              Type           Power        Failure   Level  Hunger
a - Sandblast             Erth           ####..       1%          1    None
b - Lee's Rapid Deconstr  Erth           ####......   17%         5    #####..
c - Petrify               Tmut/Erth      ###.....     21%         4    ####...
x - Stone Arrow           Conj/Erth      ####..       3%          3    ##.....

Your spell library contained the following spells:

 Spells                   Type           Power        Failure   Level  Hunger
 Passwall                 Tmut/Erth      ###.....     3%          2    None


Dungeon Overview and Level Annotations

Branches:
Dungeon (6/15)             Temple (1/1) D:5

Altars:
Ashenzari
Elyvilon
Gozag
Makhleb
Nemelex Xobeh
Sif Muna
Uskayaw
Vehumet
Wu Jian
Xom

Annotations:
D:5 exclusion: 2 downstairs


Innate Abilities, Weirdness & Mutations

You cannot wear most types of armour.
You are very stealthy in the water. (Stealth+)
You are amphibious.
You can wear up to eight rings at the same time.
You can use your tentacles to constrict eight enemies at once.
Your skin changes colour to match your surroundings (Stealth+).
Your rubbery body absorbs attacks. (AC +1, EV +1)


Message History

You see here a +0 spear.
There is a huge open gate here.
Things that are here:
a +0 spear x2
Key pressed, stopping explore.
There is a stone staircase leading down here.
The six-headed hydra is too close now for your liking.
What are your orders? t - Shout!
Orders for allies: a - Attack new target. r - Retreat! s - Stop attacking. g - Guard the area. f - Follow me.
Anything else - Cancel.
You shout for attention!
The six-headed hydra roars!
You start waiting.
The six-headed hydra is too close now for your liking.
Things that are here:
a +0 spear x2
Aim: a six-headed hydra The stone arrow hits the six-headed hydra!
What are your orders? t - Shout!
Orders for allies: a - Attack new target. p - Attack previous target. r - Retreat! s - Stop attacking. g - Guard the area. f - Follow me.
Anything else - Cancel.
Okay, then.
Okay, then.
The six-headed hydra barely misses you. The six-headed hydra misses you.
The six-headed hydra bites you. The six-headed hydra barely misses you.
The six-headed hydra bites you. x2
Unknown command.
The six-headed hydra misses you. The six-headed hydra bites you!
The six-headed hydra closely misses you.
The six-headed hydra bites you!
* * * LOW HITPOINT WARNING * * *
The six-headed hydra bites you.
* * * LOW HITPOINT WARNING * * *
The six-headed hydra bites you!
* * * LOW HITPOINT WARNING * * *
You see here a +0 flail.
You see here a +0 halberd.
Items here: )))) a +0 halberd; a +0 spear x2; a +0 halberd The six-headed hydra bites you.
* * * LOW HITPOINT WARNING * * *
The six-headed hydra misses you.
The six-headed hydra completely misses you.
The six-headed hydra bites you!
You die...

#....≈≈≈.#.######..
#....≈≈≈.#.'....'..
#.P..≈≈≈.#.'....'..
#....≈≈≈.#.########
#....≈≈≈.#.#.....##
#....≈≈≈.#.#.....'.
#....≈≈###'#.....##
#...P≈≈#...########
#.@..≈≈#...#.)..)))
#..D.≈≈#####)≈≈≈≈))
#....≈≈≈≈≈≈≈≈≈≈≈≈≈≈
#P...≈≈≈≈≈)≈≈≈≈≈≈≈≈
#........).....)...
###################


You could see a six-headed hydra.

Vanquished Creatures
  Sigmund (D:4)
  Purgy (Sewer)
  A phantom (D:4)
  An ice beast (D:6)
  2 ogres
  A gnoll sergeant (D:4)
  3 wights (D:6)
  A crimson imp (D:6)
  A bullfrog zombie (D:6)
  A hound (D:5)
  A gnoll shaman (D:6)
  5 orc priests
  5 orc wizards
  2 worker ants
  53 gnolls
  11 adders
  4 shadow imps
  2 oozes
  An adder zombie (D:6)
  4 worms
  4 leopard geckos
  24 orcs
  3 bats
  5 giant cockroaches
  5 goblins
  9 hobgoblins
  28 jackals
  4 quokkas
  4 ball pythons
  7 frilled lizards
  8 kobolds
  A leopard gecko zombie (D:6)
  10 rats
213 creatures vanquished.

Vanquished Creatures (others)
  An orc wizard (D:6)
1 creature vanquished.

Grand Total: 214 creatures vanquished

Notes
Turn   | Place    | Note
-------+----------+-------------------------------------------
     0 | D:1      | Norn the Octopode Earth Elementalist began the quest for
                  | the Orb.
     0 | D:1      | Reached XP level 1. HP: 11/11 MP: 3/3
   386 | D:1      | Reached XP level 2. HP: 18/18 MP: 5/5
   829 | D:2      | Reached skill level 1 in Fighting
   922 | D:2      | Found a radiant altar of Vehumet.
   974 | D:2      | Reached XP level 3. HP: 23/23 MP: 4/6
  1142 | D:2      | Learned a level 3 spell: Stone Arrow
  1410 | D:2      | Reached XP level 4. HP: 18/28 MP: 3/7
  1612 | D:2      | Found a shattered altar of Ashenzari.
  2540 | D:3      | Reached skill level 1 in Conjurations
  2540 | D:3      | Reached XP level 5. HP: 33/34 MP: 5/9
  2821 | D:3      | Found a deep blue altar of Sif Muna.
  2906 | D:3      | Noticed an ogre
  2931 | D:3      | Killed an ogre
  2970 | D:3      | Became a worshipper of Sif Muna the Loreminder
  3240 | D:4      | Noticed Sigmund
  3374 | D:4      | Reached XP level 6. HP: 41/41 MP: 6/10
  4437 | D:4      | HP: 2/42 [gnoll sergeant/+3 spear of venom (3)]
  4446 | D:3      | HP: 2/42 [poisoned by a gnoll sergeant]
  4798 | D:4      | Killed Sigmund
  4798 | D:4      | Reached * piety under Sif Muna
  4798 | D:4      | Reached XP level 7. HP: 46/46 MP: 4/12
  5540 | D:5      | Entered Level 5 of the Dungeon
  5540 | D:5      | Found a staircase to the Ecumenical Temple.
  5576 | Temple   | Entered the Ecumenical Temple
  5607 | D:5      | Found a glowing drain.
  5699 | Sewer    | Entered a sewer
  5771 | Sewer    | Noticed Purgy
  5822 | Sewer    | Killed Purgy
  5822 | Sewer    | Reached XP level 8. HP: 41/54 MP: 4/15
  5936 | Sewer    | Reached skill level 5 in Spellcasting
  6361 | D:5      | Reached skill level 5 in Fighting
  7511 | D:6      | Found a white marble altar of Elyvilon.
  7512 | D:6      | Noticed a six-headed hydra
  8393 | D:6      | Reached skill level 5 in Earth Magic
  8400 | D:6      | Reached ** piety under Sif Muna
  8784 | D:6      | Learned a level 5 spell: Lee's Rapid Deconstruction
  8789 | D:6      | Learned a level 4 spell: Petrify
  8820 | D:6      | Reached XP level 9. HP: 63/63 MP: 8/18
 10164 | D:6      | Slain by a six-headed hydra

Skill      XL: |  1  2  3  4  5  6  7  8  9 |
---------------+----------------------------+-----
Fighting       | 1 2 3 4 6 |  6.7
Earth Magic    | 4 5 6 |  6.8
Conjurations   | 1 2 4 |  4.1
Spellcasting   | 3 4 6 |  6.0
Dodging        | |  2.0
Stealth        | |  2.6
Transmutations | |  1.0

Action                   |  1- 3 |  4- 6 |  7- 9 || total
-------------------------+-------+-------+-------++-------
Melee: Dagger            |    49 |    43 |       ||    92
       Constrict         |    13 |    19 |    21 ||    53
       Tentacles         |     5 |     6 |    17 ||    28
       Spear             |       |    30 |   121 ||   151
       Unarmed           |       |       |     2 ||     2
 Cast: Sandblast         |    15 |    17 |    50 ||    82
       Stone Arrow       |     3 |    31 |   113 ||   147
       Lee's Rapid Decon |       |       |     1 ||     1
Invok: Divine Energy     |       |       |     1 ||     1
  Use: Potion            |       |     5 |     3 ||     8
       Scroll            |       |       |     5 ||     5
 Stab: Sleeping          |     3 |       |     1 ||     4
       Distracted        |     1 |       |     1 ||     2
  Eat: Chunk             |     2 |     8 |    16 ||    26
       Ration            |       |     2 |     1 ||     3
Armor: Skin              |     8 |     3 |    10 ||    21
Dodge: Dodged            |    29 |    52 |    92 ||   173
